 Dungeon Crawl Stone Soup version 0.25.0-26-g0c896c7088 (webtiles) character file.

Game seed: 16906514284363559350

8369 protoss039 the Geomancer (level 11, -3/61 HPs)
             Began as a Gargoyle Earth Elementalist on July 5, 2020.
             Was a Believer of Sif Muna.
             Killed from afar by protoss039's ghost (13 damage)
             ... with a bolt of lightning
             ... on level 10 of the Dungeon.
             The game lasted 00:43:35 (13866 turns).

protoss039 the Geomancer (GrEE)                    Turns: 13866, Time: 00:43:36

Health: -3/61      AC: 16    Str: 18    XL:     11   Next: 29%
Magic:  23/23      EV: 12    Int: 19    God:    Sif Muna [**....]
Gold:   663        SH:  0    Dex: 10    Spells: 12/27 levels left

rFire    . . .     SeeInvis .   E - +3 hand axe (freeze)
rCold    . . .     Gourm    .   m - +0 buckler
rNeg     + + .     Faith    .   G - +0 steam dragon scales
rPois    ∞         Spirit   .   j - +1 helmet
rElec    +         Reflect  .   (no cloak)
rCorr    .         Harm     .   (no gloves)
MR       .....                  (no boots)
Stlth    +.........             (no amulet)
HPRegen  0.20/turn              f - ring of positive energy
MPRegen  0.18/turn              D - +6 ring of strength

@: confused, very slightly contaminated
A: negative energy resistance 1, electricity resistance, unbreathing,
petrification resistance, rot immunity, AC +8
a: Channel Magic, Renounce Religion


You were on level 10 of the Dungeon.
You worshipped Sif Muna.
Sif Muna was pleased with you.
You were hungry.

You visited 1 branch of the dungeon, and saw 10 of its levels.

You collected 663 gold pieces.

Inventory:

Hand Weapons
 q - a +1 vorpal hand axe
 E - a +3 hand axe of freezing (weapon)
 F - a +0 broad axe
Missiles
 b - 112 stones (quivered)
Armour
 j - a +1 helmet (worn)
 m - a +0 buckler (worn)
 G - +0 steam dragon scales (worn)
Jewellery
 f - a ring of positive energy (left hand)
 D - a +6 ring of strength (right hand)
Wands
 p - a wand of paralysis (17)
 r - a wand of disintegration (6)
 u - a wand of flame (47)
Scrolls
 a - 6 scrolls of teleportation {unknown}
 e - 3 scrolls of remove curse
 h - 2 scrolls of amnesia {unknown}
 n - 3 scrolls of blinking
 o - a scroll of immolation {unknown}
 s - 5 scrolls of fog
 t - a scroll of enchant weapon
 y - a scroll of summoning {unknown}
 A - 2 scrolls of magic mapping
Potions
 g - 2 potions of brilliance
 k - a potion of heal wounds {unknown}
 l - a potion of might {unknown}
 v - 2 potions of resistance {unknown}
 w - a potion of cancellation {unknown}
 x - a potion of magic {unknown}
 z - a potion of lignification {unknown}
 B - a potion of haste {unknown}
 C - a potion of mutation {unknown}
 I - a potion of stabbing {unknown}
Comestibles
 d - 15 rations
 H - a chunk of flesh


   Skills:
 + Level 4.1 Fighting
 + Level 6.3 Axes
   Level 0.3(4.2) Maces & Flails
 * Level 5.0 Armour
 - Level 1.5 Dodging
 - Level 2.1 Stealth
 - Level 4.0 Shields
 + Level 8.8 Spellcasting
 - Level 1.2 Conjurations
 - Level 1.0 Transmutations
 + Level 11.0 Earth Magic
 * Level 5.5 Invocations


You had 12 spell levels left.
You knew the following spells:

 Your Spells              Type           Power        Failure   Level  Hunger
a - Sandblast             Erth           ######       1%          1    None
b - Passwall              Tmut/Erth      ####....     1%          2    None
c - Stone Arrow           Conj/Erth      ####..       1%          3    None
d - Petrify               Tmut/Erth      ####....     7%          4    ###....
e - Lee's Rapid Deconstr  Erth           ######....   2%          5    #####..

Your spell library contained the following spells:

 Spells                   Type           Power        Failure   Level  Hunger
 Animate Skeleton         Necr           N/A          9%          1    None
 Apportation              Tloc           #.....       9%          1    None
 Corona                   Hex            #......      9%          1    None
 Summon Small Mammal      Summ           #...         9%          1    None


Dungeon Overview and Level Annotations

Branches:
Dungeon (10/15)            Temple (0/1) D:5
   Lair: D:8-11         Orc: D:9-12

Altars:
Cheibriados
Dithmenos
Gozag
Hepliaklqana
Makhleb
Nemelex Xobeh
Okawaru
Qazlal
Ru
Sif Muna
Trog
Vehumet
Xom
Beogh

Shops:
D:9 :

Annotations:
D:5 Prince Ribbit
D:7 1 exclusion
D:8 Gastronok
D:9 1 exclusion
D:10 protoss039's ghost, journeyman DEAE


Innate Abilities, Weirdness & Mutations

You are resistant to torment.
Your stone body is resilient. (AC +8)
You are immune to poison.
You resist negative energy. (rN+)
You are resistant to electric shocks. (rElec)
You can survive without breathing.
You are immune to petrification.
You are immune to rotting.


Message History

* * * LOW HITPOINT WARNING * * *
Unknown command.
Unknown command.
Okay, then.
Eat one of 2 chunks of flesh? (ye/n/q)
You eat one of the 2 chunks of flesh.
This raw flesh tastes terrible.
You are feeling hungry.
Unknown command.
Unknown command.
You are confused.
You feel invigorated.
Protoss039's ghost hits you but does no damage.
Unknown command.
Unknown command.
Protoss039's ghost says, "You would make a fine zombie."
Protoss039's ghost points at you and mumbles some strange words.
The bolt of lightning hits you! You resist.
* * * LOW HITPOINT WARNING * * *
The bolt of lightning hits you! You resist.
You die...

#.)))#...[
#..#.#...)
#..#.o##..
#..#..#8..
#..#..##..
#..#..(..8
#W8########
#.## #.#
#@#######.###
#...........#
######......#
#......#
#......####
#.........#
#.....÷##.##
#......##..##
#......###...


You could see an orc priest and protoss039's ghost (swift).

Vanquished Creatures
  A two-headed ogre (D:8)
  Nergalle (D:10)
  Psyche (D:9)
  Maggie (D:10)
  A troll (D:10)
  Grinder (D:5)
  2 hippogriffs (D:7)
  A spriggan (D:9)
  A vampire (D:10)
  Grum (D:8)
  A steam dragon (D:10)
  A water moccasin (D:10)
  7 orc warriors
  An ice beast (D:6)
  2 phantoms
  Purgy (D:3)
  A hornet zombie (D:8)
  A sky beast (D:6)
  3 wolves
  2 centaurs
  7 ogres
  A crocodile (D:10)
  Blork the orc (D:4)
  A bullfrog (D:9)
  2 scorpions
  10 killer bees
  An electric eel (D:6)
  4 howler monkeys
  14 wights
  4 crimson imps
  A bullfrog zombie (D:6)
  11 orc wizards
  7 hounds
  4 jellies
  A bullfrog skeleton (D:6)
  6 orc priests
  An iguana (D:6)
  6 worker ants
  A killer bee zombie (D:10)
  A hound zombie (D:6)
  A hound skeleton (D:4)
  2 howler monkey zombies
  9 adders
  3 gnolls (D:3)
  2 shadow imps
  2 oozes
  An adder zombie (D:7)
  2 adder skeletons
  5 worms
  A dart slug (D:1)
  A leopard gecko (D:2)
  22 orcs
  6 bats
  5 giant cockroaches
  7 goblins
  8 hobgoblins
  12 jackals
  5 quokkas
  A ball python (D:3)
  2 frilled lizards
  5 kobolds (D:2)
  A leopard gecko skeleton (D:8)
  A quokka skeleton (D:6)
219 creatures vanquished.

Vanquished Creatures (others)
  A worker ant (D:4)
  2 orcs (D:10)
  A jackal (D:4)
4 creatures vanquished.

Grand Total: 223 creatures vanquished

Notes
Turn   | Place    | Note
-------+----------+-------------------------------------------
     0 | D:1      | protoss039 the Gargoyle Earth Elementalist began the quest
                  | for the Orb.
     0 | D:1      | Reached XP level 1. HP: 10/10 MP: 3/3
   324 | D:1      | Reached skill level 4 in Earth Magic
   324 | D:1      | Reached XP level 2. HP: 15/15 MP: 5/5
   621 | D:1      | Learned a level 2 spell: Passwall
   668 | D:2      | Reached XP level 3. HP: 9/19 MP: 0/7
  1404 | D:2      | Reached XP level 4. HP: 15/24 MP: 6/8
  2030 | D:2      | Learned a level 3 spell: Stone Arrow
  2134 | D:3      | Found an iron altar of Okawaru.
  2396 | D:3      | Reached skill level 5 in Earth Magic
  2442 | D:3      | Reached skill level 1 in Axes
  2449 | D:3      | Reached XP level 5. HP: 17/28 MP: 9/9
  2804 | D:3      | Found a glowing drain.
  3476 | D:3      | Noticed Purgy
  3489 | D:3      | Killed Purgy
  3489 | D:3      | Reached skill level 1 in Armour
  3489 | D:3      | Reached XP level 6. HP: 23/33 MP: 2/11
  3623 | D:4      | Found a shimmering altar of Xom.
  3666 | D:3      | Reached skill level 1 in Fighting
  3906 | D:3      | Reached skill level 1 in Shields
  4152 | D:3      | Reached XP level 7. HP: 38/38 MP: 8/12
  4195 | D:4      | Noticed Blork the orc
  4203 | D:4      | Killed Blork the orc
  4334 | D:4      | Reached skill level 6 in Earth Magic
  5080 | D:4      | Found a hazy altar of Hepliaklqana.
  5147 | D:4      | Found a shimmering blue altar of Sif Muna.
  5238 | D:4      | Became a worshipper of Sif Muna the Loreminder
  5279 | D:5      | Entered Level 5 of the Dungeon
  5280 | D:5      | Found a staircase to the Ecumenical Temple.
  5358 | D:5      | Reached XP level 8. HP: 39/44 MP: 11/14
  5546 | D:5      | Noticed Grinder
  5546 | D:5      | Paralysed by Grinder for 4 turns
  5567 | D:5      | Killed Grinder
  5788 | D:5      | Noticed Prince Ribbit
  6474 | D:6      | Reached skill level 5 in Spellcasting
  6669 | D:6      | Reached skill level 7 in Earth Magic
  7083 | D:6      | Found a sacrificial altar of Ru.
  7171 | D:6      | Reached XP level 9. HP: 12/49 MP: 8/17
  7424 | D:6      | Found an opulent altar of Gozag.
  7508 | D:6      | Found a sacrificial altar of Ru.
  7727 | D:6      | Reached * piety under Sif Muna
  7829 | D:7      | Learned a level 4 spell: Petrify
  7835 | D:7      | Learned a level 5 spell: Lee's Rapid Deconstruction
  7981 | D:7      | Reached skill level 5 in Axes
  8553 | D:7      | Reached skill level 8 in Earth Magic
  8652 | D:7      | Reached skill level 1 in Invocations
  9111 | D:8      | Noticed Grum
  9647 | D:8      | Reached skill level 9 in Earth Magic
  9697 | D:8      | Found a snail-covered altar of Cheibriados.
  9697 | D:8      | Found a radiant altar of Vehumet.
  9700 | D:8      | Found a stormy altar of Qazlal.
  9719 | D:8      | Noticed a two-headed ogre
  9796 | D:8      | Killed a two-headed ogre
  9796 | D:8      | Reached XP level 10. HP: 37/56 MP: 2/20
  9824 | D:8      | Killed Grum
 10021 | D:8      | Reached skill level 10 in Earth Magic
 10401 | D:8      | Reached skill level 1 in Conjurations
 10487 | D:8      | Noticed Gastronok
 11125 | D:9      | Reached ** piety under Sif Muna
 11273 | D:9      | Noticed Psyche
 11276 | D:9      | Killed Psyche
 11372 | D:9      | Found a shadowy altar of Dithmenos.
 11372 | D:9      | Found a sparkling altar of Nemelex Xobeh.
 11378 | D:9      | Found a burning altar of Makhleb.
 11477 | D:9      | Found Nuczuif's Book Shoppe.
 11697 | D:9      | Found an iron altar of Okawaru.
 11698 | D:9      | Found a bloodstained altar of Trog.
 12122 | D:10     | Entered Level 10 of the Dungeon
 12434 | D:10     | Noticed Maggie
 12683 | D:10     | Noticed Nergalle
 12732 | D:10     | Reached skill level 1 in Transmutations
 12774 | D:10     | Reached XP level 11. HP: 60/60 MP: 16/23
 12842 | D:10     | Reached skill level 5 in Invocations
 13227 | D:10     | Killed Maggie
 13422 | D:10     | Noticed a spectral orc warlord
 13429 | D:10     | Killed Nergalle
 13429 | D:10     | Reached skill level 11 in Earth Magic
 13762 | D:10     | Found a runed translucent gate.
 13763 | D:10     | Found a runed translucent gate.
 13764 | D:10     | Found a runed translucent gate.
 13764 | D:10     | Noticed protoss039's ghost (journeyman DEAE)
 13765 | D:10     | Identified the cursed +2 rapier "Bung" {freeze, rC++ Str+8
                  | Int-2}
 13770 | D:10     | Found a roughly hewn altar of Beogh.
 13853 | D:10     | Reached skill level 5 in Armour
 13866 | D:10     | Killed from afar by protoss039's ghost

Illustrated notes

Levels and vault maps discovered:
D:1:      wander_arrival_lonely_grave, layout_basic
D:2:      layout_basic
D:3:      layout_loops_ring, cheibrodos_sewer_entry_bend, first_ration,
          kennysheep_okawaru_gauntlet, uniq_purgy
D:4:      layout_cave_pools, lemuel_round_altar, xom_confusion_cloud,
          lemuel_blue_sif_altar, serial_park_tiny_2, uniq_blork_the_orc
D:5:      layout_basic, minmay_temple_entry_statues_fountains,
          uniq_prince_ribbit1, uniq_grinder
D:6:      layout_basic, kennysheep_mini, lemuel_doored_altar, basic_altar,
          dk_noncrumbling_2, nicolae_lava_and_water, chequers_garden,
          minmay_misc_feat_pillars, bh_walls_and_bars
D:7:      layout_gridville
D:8:      layout_basic, nicolae_overflow_hidden_temple, uniq_gastronok,
          uniq_grum
D:9:      layout_loops_cross, grunt_temple_overflow_bloody_war,
          grunt_temple_overflow_open, serial_shops, shop_fountains, the_bakery,
          uniq_psyche
D:10:     layout_roguey, biasface_ghost_orc_armoury, uniq_nergalle, uniq_maggie

Skill      XL: |  1  2  3  4  5  6  7  8  9 10 11 |
---------------+----------------------------------+-----
Earth Magic    | 4 5 6 7 9 10 11 | 11.0
Spellcasting   | 3 4 5 7 8 |  8.8
Axes           | 1 2 3 4 5 6 |  6.3
Armour         | 1 2 3 4 5 |  5.0
Fighting       | 1 2 3 4 |  4.1
Shields        | 1 2 4 |  4.0
Invocations    | 3 4 5 |  5.5
Conjurations   | 1 |  1.2
Transmutations | 1 |  1.0
Maces & Flails | |  0.3
Dodging        | |  1.5
Stealth        | |  2.1

Action                   |  1- 3 |  4- 6 |  7- 9 | 10-12 || total
-------------------------+-------+-------+-------+-------++-------
Melee: Club              |    30 |       |       |       ||    30
       Unarmed           |     1 |       |       |     8 ||     9
       Hand axe          |    23 |   143 |   281 |   180 ||   627
 Cast: Sandblast         |    22 |    41 |    95 |    58 ||   216
       Stone Arrow       |       |       |    13 |    20 ||    33
       Lee's Rapid Decon |       |       |     8 |    21 ||    29
Invok: Channel Magic     |       |       |       |     1 ||     1
  Use: Scroll            |       |       |     7 |     1 ||     8
       Potion            |       |       |     2 |     4 ||     6
 Stab: Sleeping          |     2 |     3 |     2 |     1 ||     8
       Confused          |       |       |       |     2 ||     2
  Eat: Chunk             |     2 |     9 |    13 |    12 ||    36
       Ration            |       |       |     2 |     2 ||     4
Armor: Robe              |    20 |     8 |       |       ||    28
       Leather armour    |       |   124 |   154 |    57 ||   335
       Skin              |       |       |     5 |     5 ||    10
       Steam dragon scal |       |       |       |    36 ||    36
Dodge: Dodged            |    41 |   128 |   180 |   110 ||   459
Block: Buckler           |     6 |    31 |    71 |    41 ||   149
